 Dungeon Crawl Stone Soup version 0.30-a0-169-g06f667207d (webtiles) character file.

Game seed: 4639179814760319294

2768 Ijustatesigmund the Fighter (level 9, -4/90 HPs)
             Began as a Gargoyle Fighter on Sept 30, 2022.
             Slain by Joseph
             ... wielding a +2 quarterstaff of speed
              (11 damage)
             ... on level 7 of the Dungeon.
             The game lasted 00:15:17 (7341 turns).

Ijustatesigmund the Fighter (Gargoyle Fighter)      Turns: 7341, Time: 00:15:18

Health: -4/90      AC: 43    Str: 21    XL:     9   Next: 69%
Magic:  9/9        EV:  6    Int: 12    God:
Gold:   311        SH:  5    Dex:  9    Spells: 8/8 levels left

rFire   . . .      SeeInvis .    d - +1 flail (protect)
rCold   . . .      Faith    .    c - +1 buckler
rNeg    + . .      Spirit   .    f - +10 plate armour {ponderous}
rPois   ∞          Reflect  .    b - +1 helmet
rElec   +          Harm     .    l - +0 cloak
rCorr   .          Rampage  .    (no gloves)
Will    .....                    s - +1 pair of boots {Fly}
Stlth   ..........               (no amulet)
HPRegen 0.25/turn                (no ring)
MPRegen 0.11/turn                (no ring)

@: berserking, under a protective aura, flying, invisible, very quick
A: sickness immunity, AC +6, negative energy resistance 1, electricity
resistance, torment resistance 1, petrification resistance
a: no special abilities


You were on level 7 of the Dungeon.
You visited 2 branches of the dungeon, and saw 8 of its levels.
You also visited: Ossuary.

You collected 1335 gold pieces.
You spent 1024 gold pieces at shops.

Inventory:

Hand Weapons
 a - a +1 morningstar of freezing
 d - a +1 flail of protection (weapon)
 A - a +2 flail of holy wrath
Missiles
 t - 5 throwing nets (quivered)
Armour
 b - a +1 helmet (worn)
 c - a +1 buckler (worn)
 f - a +10 plate armour of ponderousness (worn)
 l - a +0 cloak (worn)
 s - a +1 pair of boots of flying (worn)
Jewellery
 n - a ring of fire
 o - a ring of willpower
 x - a ring of wizardry
Wands
 g - a wand of charming (22)
 u - a wand of digging (5)
Scrolls
 e - 3 scrolls of magic mapping
 p - 4 scrolls of teleportation
 w - a scroll of identify
 y - a scroll of poison
Potions
 h - a potion of mutation
 i - a potion of ambrosia
 j - a potion of lignification
 m - 3 potions of curing
 q - a potion of degeneration {unknown}
 r - 2 potions of flight {unknown}
 v - a potion of haste


   Skills:
 + Level 9.1 Fighting
 + Level 8.0 Maces & Flails
 + Level 7.9 Armour
 - Level 3.2 Shields
 - Level 2.1 Evocations


You had 8 spell levels left.
You didn't know any spells.
Your spell library contained the following spells:

 Spells                   Type           Power      Damage    Failure   Level
 Apportation              Tloc           0%         N/A       100%        1
 Necrotise                Necr           0%         1d4       100%        1
 Summon Small Mammal      Summ           0%         N/A       100%        1
 Stone Arrow              Conj/Erth      0%         3d7       100%        3
 Animate Armour           Summ/Erth      0%         N/A       100%        4
 Fireball                 Conj/Fire      0%         3d3       100%        5
 Iskenderun's Battlesphe  Conj           0%         2d6       100%        5
 Conjure Ball Lightning   Conj/Air       0%         3x3d6     100%        6
 Orb of Destruction       Conj           0%         9d5       100%        7
 Lehudib's Crystal Spear  Conj/Erth      0%         10d2      100%        8


Dungeon Overview and Level Annotations

Branches:
Dungeon (7/15)             Temple (1/1) D:5         Ossuary (visited)

Altars:
Ashenzari
Dithmenos
Elyvilon
Fedhas
Gozag
Hepliaklqana
Makhleb
Qazlal
Ru
Sif Muna
Vehumet
Wu Jian
Xom
Yredelemnul
Zin

Shops:
D:3 [

Annotations:
D:7 Joseph


Innate Abilities, Weirdness & Mutations

You are immune to sickness and miasma.
Your stone body is resilient. (AC +6)
You are immune to poison.
You resist negative energy. (rN+)
You are resistant to electric shocks. (rElec)
You are resistant to unholy torment.
You are immune to petrification.


Message History

Joseph wields a +2 quarterstaff of speed.
Joseph hits you with a +2 quarterstaff of speed!
* * * LOW HITPOINT WARNING * * *
A red film seems to cover your vision as you go berserk!
You feel yourself moving faster!
You feel mighty!
The bullfrog gives a loud, deep croak!
Joseph barely misses you. x2
You sock Joseph!
Joseph is moderately wounded.
The bullfrog gives a loud, deep croak!
Joseph hits you with a +2 quarterstaff of speed!
* * * LOW HITPOINT WARNING * * *
You completely miss Joseph.
Joseph is moderately wounded.
The bullfrog gives a loud, deep croak!
You thump the bullfrog!
The bullfrog is heavily wounded.
The bullfrog croaks.
You block Joseph's attack. You block the bullfrog's attack.
You strike the helpless bullfrog from behind!
You hit the bullfrog.
The bullfrog is severely wounded.
Joseph barely misses you.
You closely miss Joseph.
Joseph is moderately wounded.
Joseph hits you but does no damage. The bullfrog barely misses you.
You sock the bullfrog!
You kill the bullfrog!
Joseph says, "It's nothing personal, but I have to kill you."
Joseph hits you with a +2 quarterstaff of speed.
* * * LOW HITPOINT WARNING * * *
Joseph says, "It's nothing personal."
Joseph hits you but does no damage.
You completely miss Joseph.
Joseph is moderately wounded.
Joseph barely misses you.
You bludgeon Joseph!!
Joseph is heavily wounded.
Joseph hits you with a +2 quarterstaff of speed!
You die...

##### #######
.....##.....##
.............##
..../.........#
[.............#
..............#
.......@......#
......=@......#
..............#
.............##
.....##<....##
..### ####### #


You could see Joseph (unable to see you).

Vanquished Creatures
  Sigmund (D:3)
  A wraith (D:5)
  3 ogres
  3 phantoms
  2 bullfrogs
  2 gnoll sergeants (D:5)
  A necrophage (D:5)
  A scorpion (D:5)
  A wight (D:5)
  6 killer bees
  A howler monkey (D:6)
  2 jellies (D:5)
  Crazy Yiuf (D:2)
  3 gnoll boudas
  7 hounds
  7 iguanas
  6 orc wizards
  8 mummies (Ossuary)
  11 adders
  20 gnolls
  2 white imps
  3 ufetubi
  3 worms
  6 dart slugs
  26 orcs
  9 endoplasms
  4 giant cockroaches
  10 goblins
  10 hobgoblins
  A jackal (Temple)
  6 quokkas
  4 ball pythons
  2 bats
  5 frilled lizards
  2 gnoll zombies (Ossuary)
  3 hobgoblin zombies (Ossuary)
  7 kobolds
  3 orc zombies (Ossuary)
  6 rats
199 creatures vanquished.

Notes
Turn   | Place    | Note
-------+----------+-------------------------------------------
     0 | D:1      | Ijustatesigmund the Gargoyle Fighter began the quest for
                  | the Orb.
     0 | D:1      | Reached XP level 1. HP: 14/14 MP: 1/1
    41 | D:1      | Reached XP level 2. HP: 19/19 MP: 2/2
    57 | D:1      | Found a faded altar of an unknown god.
   449 | D:1      | Reached XP level 3. HP: 21/24 MP: 3/3
   492 | D:1      | Reached skill level 4 in Fighting
   790 | D:2      | Found a sacrificial altar of Ru.
   826 | D:2      | Reached XP level 4. HP: 28/30 MP: 4/4
  1248 | D:2      | Reached XP level 5. HP: 34/34 MP: 5/5
  1399 | D:2      | Found a runed translucent door.
  1400 | D:2      | Noticed Crazy Yiuf
  1407 | D:2      | Killed Crazy Yiuf
  1408 | D:2      | Reached skill level 5 in Fighting
  1708 | D:3      | Found Tadeatel's Antique Armour Emporium.
  1805 | D:3      | Noticed Sigmund
  1824 | D:3      | Killed Sigmund
  1825 | D:3      | Reached skill level 1 in Evocations
  1825 | D:3      | Reached XP level 6. HP: 25/40 MP: 6/6
  2003 | D:3      | Found a blossoming altar of Fedhas.
  2203 | D:3      | Found a burning altar of Makhleb.
  2413 | D:3      | Found an opulent altar of Gozag.
  2547 | D:3      | Identified a scroll of acquirement
  2547 | D:3      | Acquired 692 gold pieces
  2616 | D:3      | Bought a shiny helmet for 187 gold pieces
  2616 | D:3      | Bought a shiny chain mail for 187 gold pieces
  2722 | D:4      | Found a sand-covered staircase.
  2757 | Ossuary  | Entered an ossuary
  2965 | Ossuary  | Reached XP level 7. HP: 38/45 MP: 7/7
  3074 | Ossuary  | Reached skill level 6 in Fighting
  3308 | D:4      | Reached skill level 5 in Maces & Flails
  3438 | D:3      | Bought a runed plate armour for 650 gold pieces
  4249 | D:5      | Entered Level 5 of the Dungeon
  4268 | D:5      | Found a staircase to the Ecumenical Temple.
  4309 | Temple   | Entered the Ecumenical Temple
  4530 | Temple   | Reached XP level 8. HP: 15/52 MP: 8/8
  4910 | Temple   | Reached skill level 5 in Armour
  4925 | Temple   | Reached skill level 7 in Fighting
  5197 | D:5      | Identified the +9 short sword of Harmony {flame, Drain
                  | rElec rF+++ Str-3}
  5470 | D:5      | Noticed a wraith
  5591 | D:5      | Reached skill level 8 in Fighting
  5602 | D:5      | Reached XP level 9. HP: 49/59 MP: 9/9
  5999 | D:6      | Found a radiant altar of Vehumet.
  6194 | D:6      | Found a white marble altar of Elyvilon.
  6780 | D:6      | Reached skill level 9 in Fighting
  7251 | D:7      | Noticed Joseph
  7341 | D:7      | Slain by Joseph

Illustrated notes

Levels and vault maps discovered:
D:1:      amcnicky_arrival_blooded_trapdoor, layout_basic,
          shapermc_ecumenical_altar_starsandcircs, st_stairs_12
D:2:      layout_rooms, basic_altar, hangedman_decor_riveting,
          kennysheep_generic_room_12, uniq_crazy_yiuf_cottage
D:3:      layout_loops_ring, nicolae_gozag_cash_rules_everything_around_me,
          mainiacjoe_overflow_alcove_1, general_overflow_altar, serial_shops,
          shop_statue, uniq_sigmund
D:4:      layout_basic, nicolae_ossuary_entry_false_entrances
D:5:      cheibrodos_fzero, layout_rooms, minmay_temple_entry_glass,
          minmay_fractal_squares_diagonal_5
D:6:      layout_cave_pools, nicolae_overflow_crystal_walls,
          mainiacjoe_overflow_six_doors_small, hellmonk_bongcloud_opening,
          glass_columns_a, hangedman_decor_push, grunt_ministairs_9
D:7:      layout_rooms, dancing_weapons_uskayaw, mainiacjoe_overflow_alcove_3,
          hellmonk_ghost_happy_afterlife, uniq_menkaure, uniq_joseph,
          uniq_duvessa
Temple:   hellmonk_temple_flake

Skill      XL: |  1  2  3  4  5  6  7  8  9 |
---------------+----------------------------+-----
Fighting       | 4 5 6 8 9 |  9.1
Maces & Flails | 3 4 5 7 8 |  8.0
Evocations     | 1 2 |  2.1
Armour         | 4 6 7 |  7.9
Shields        | |  3.2

Action                   |  1- 3 |  4- 6 |  7- 9 || total
-------------------------+-------+-------+-------++-------
Melee: Flail             |   103 |   194 |   495 ||   792
       Morningstar       |       |       |    90 ||    90
  Use: Scroll            |     4 |     8 |     9 ||    21
       Potion            |       |     8 |     7 ||    15
 Stab: Invisible         |       |       |     1 ||     1
Armor: Scale mail        |    66 |    61 |       ||   127
       Chain mail        |       |    35 |    60 ||    95
       Skin              |       |    25 |    22 ||    47
       Plate armour      |       |       |   575 ||   575
Dodge: Dodged            |    42 |    77 |   222 ||   341
Block: Buckler           |    24 |    56 |   178 ||   258

Table legend: (Time is in decaauts)
 A = Elapsed time spent in this place.
 B = Non-inter-level travel time spent in this place.
 C = Inter-level travel time spent in this place.
 D = Time resting spent in this place.
 E = Time spent auto-exploring this place.
 F = Levels seen in this place.
 G = Mean time per level.
                   A        B        C        D        E       F      G
               +--------+--------+--------+--------+--------+-----+--------+
         Total |   7692 |   7280 |    412 |   1487 |   3959 |   9 |  854.7 |
       Dungeon |   6366 |   5964 |    402 |    731 |   3665 |   7 |  909.4 |
        Temple |    792 |    782 |     10 |    499 |    148 |   1 |  792.0 |
       Ossuary |    534 |    534 |      0 |    257 |    146 |   1 |  534.0 |
               +--------+--------+--------+--------+--------+-----+--------+

Top non-repeatable levels by time:
     D:5: 1300 daAuts
     D:3: 1168 daAuts
     D:6: 1154 daAuts
     D:4: 1075 daAuts
     D:2: 837 daAuts
     D:1: 808 daAuts
  Temple: 792 daAuts
 Ossuary: 534 daAuts
     D:7: 20 daAuts
